 Dungeon Crawl Stone Soup version 0.32-a0-42-ga30500b4d3 (webtiles) character file.

Game seed: 10353890763031043632

49 iamserjio the Firebug (level 3, 0/19 HPs)
             Began as a Tengu Fire Elementalist on Feb 3, 2024.
             Was an Initiate of Sif Muna.
             Slain by a lemure (7 damage)
             ... led by Pikel
             ... on level 4 of the Dungeon.
             The game lasted 00:02:59 (453 turns).

iamserjio the Firebug (Tengu Fire Elementalist)      Turns: 453, Time: 00:02:59

Health: 0/19       AC:  4    Str:  8    XL:     3   Next: 75%
Magic:  6/8        EV: 27    Int: 17    God:    Sif Muna [......]
Gold:   44         SH:  0    Dex: 14    Spells: 5/8 levels left

rFire   . . .        e - +0 whip
rCold   . . .        (no shield)
rNeg    . . .        a - +0 robe
rPois   .            (helmet restricted)
rElec   .            (no cloak)
rCorr   .            j - +1 pair of gloves
SInv    .            (boots unavailable)
Will    .....        (no amulet)
Stlth   ++           (no ring)
HPRegen 0.23/turn    (no ring)
MPRegen 0.11/turn

%: acrobat
@: acrobatic
A: beak, talons 3, acrobatic
a: Renounce Religion


You were on level 4 of the Dungeon.
You worshipped Sif Muna.
Sif Muna was noncommittal.
You visited 1 branch of the dungeon, and saw 4 of its levels.

You collected 44 gold pieces.

Inventory:

Hand Weapons
 e - a +0 whip (weapon)
 g - a +0 war axe
Missiles
 f - 3 poisoned darts
 h - 4 silver javelins
Armour
 a - a +0 robe (worn)
 j - a +1 pair of gloves (worn)
Scrolls
 d - a scroll of blinking {unknown}
 i - a scroll of immolation {unknown}
 k - a scroll of identify {unknown}
Potions
 b - a potion of magic
 c - a potion of enlightenment {unknown}


   Skills:
 - Level 2.1 Dodging
 - Level 2.0 Stealth
 + Level 3.0 Spellcasting
 - Level 1.3 Conjurations
 + Level 4.2 Fire Magic


You had 5 spell levels left.
You knew the following spells:

 Your Spells              Type           Power      Damage    Failure   Level
a - Foxfire               Conj/Fire      48%        2x1d6     5%          1
b - Scorch                Fire           34%        2d6       4%          2

Your spell library contained the following spells:

 Spells                   Type           Power      Damage    Failure   Level
 Kiss of Death            Conj/Necr      16%        2d6       13%         1
 Inner Flame              Hex/Fire       9%         N/A       22%         3
 Volatile Blastmotes      Fire/Tloc      18%        2d11      22%         3
 Confusing Touch          Hex            2%         N/A       45%         3
 Flame Wave               Conj/Fire      12%        2d6       50%         4
 Dispel Undead            Necr           2%         3d7       86%         4


Dungeon Overview and Level Annotations

Branches:
Dungeon (4/15) Zot: 23547
 Temple: D:4-7

Altars:
Qazlal
Sif Muna


Innate Abilities, Weirdness & Mutations

You have a beak for a mouth.
You have claws for feet.
You can magically evade attacks while moving or waiting.


Message History

You finish putting on your +1 pair of gloves.
Found a scroll labelled RITTEI YTOMY.
Found a stone staircase leading down.
k - a scroll labelled RITTEI YTOMY A lemure comes into view.
A ribbon worm comes into view.
There is a stone staircase leading down here.
Found an escape hatch in the ceiling.
The ribbon worm completely misses you.
Casting: Foxfire (safe; 5% risk of failure) Flames lash the ribbon worm.
The ribbon worm's fire resistance burns away.
You hear a shout! x2
The ribbon worm expels a string of sticky webbing.
The stream of webbing hits you but does no damage.
You are caught in a web!
Casting: Scorch (safe; 4% risk of failure) Flames lash the lemure.
The lemure's fire resistance burns away.
An orc comes into view. It is wielding a +0 short sword.
The ribbon worm bites you!
You struggle to detach yourself from the web.
The web tears apart.
The ribbon worm is no longer more vulnerable to fire.
The ribbon worm barely misses you. The lemure hits you.
* * * LOW HITPOINT WARNING * * *
The lemure attacks as it pursues you! The lemure misses you.
Okay, then.
The lemure is no longer more vulnerable to fire.
The lemure closely misses you. The lemure hits you.
* * * LOW HITPOINT WARNING * * *
There is a stone staircase leading down here.
The lemure attacks as it pursues you! The lemure completely misses you.
The lemure attacks as it pursues you! The lemure barely misses you.
The lemure attacks as it pursues you! The lemure completely misses you.
The lemure attacks as it pursues you! The lemure hits you.
* * * LOW HITPOINT WARNING * * *
The lemure attacks as it pursues you! The lemure completely misses you.
The lemure attacks as it pursues you! The lemure hits you!
You die...

###...####..# ......# #..#
.# ##....# #..# .# ##....#
#..# .# #....# #..##
#########.# #....####...#
#.......#.# #[..........#
#.......#.#
.....####...####.......#.###
...............@...........#
#####...####5......#####
###.# #.......# #.#
#.......# #.# ####.#### #.#
#w# ####.# #.# .<.<.#### #.#
..o.....# #w#


You could see a lemure and a ribbon worm.

Vanquished Creatures
  A bombardier beetle (D:3)
  A dart slug (D:3)
  3 ball pythons
  3 endoplasms
  2 goblins (D:3)
  2 hobgoblins
  3 jackals (D:2)
  A kobold (D:3)
16 creatures vanquished.

Vanquished Creatures (others)
  21 foxfires
21 creatures vanquished.

Grand Total: 37 creatures vanquished

Notes
Turn   | Place    | Note
-------+----------+-------------------------------------------
     0 | D:1      | iamserjio the Tengu Fire Elementalist began the quest for
                  | the Orb.
     0 | D:1      | Reached XP level 1. HP: 10/10 MP: 4/4
    41 | D:2      | Found a shimmering blue altar of Sif Muna.
    55 | D:2      | Became a worshipper of Sif Muna the Loreminder
   118 | D:2      | Reached XP level 2. HP: 11/15 MP: 1/6
   122 | D:2      | Learned a level 2 spell: Scorch
   150 | D:3      | Noticed a bombardier beetle
   160 | D:3      | Killed a bombardier beetle
   161 | D:3      | Reached skill level 4 in Fire Magic
   161 | D:3      | Reached XP level 3. HP: 19/19 MP: 0/8
   270 | D:3      | Noticed an earth elemental
   271 | D:3      | Found a stormy altar of Qazlal.
   275 | D:3      | Noticed a water elemental
   275 | D:3      | Noticed a fire elemental
   275 | D:3      | Noticed an air elemental
   417 | D:4      | Noticed a lemure
   453 | D:4      | Slain by a lemure

Illustrated notes

Levels and vault maps discovered:
D:1:      evilmike_arrival_home_sweet_home, layout_basic,
          hellmonk_ecumenical_altar_defaced_shrine,
          chequers_serial_rivers_micro_d, grunt_decor_cap, minmay_tromino_v4_a
D:2:      layout_basic, basic_altar
D:3:      layout_basic, nicolae_qazlal_style_of_elements, dk_noncrumbling_4,
          nrook_mini_vaults, roderic_serpentine_path, uniq_crazy_yiuf_cottage,
          uniq_natasha
D:4:      layout_loops_ring, roderic_roman_lattice, uniq_pikel, uniq_robin

Skill      XL: |  1  2  3 |
---------------+----------+-----
Fire Magic     | 4 |  4.2
Spellcasting   | 3 |  3.0
Dodging        | |  2.1
Stealth        | |  2.0
Conjurations   | |  1.3

Action                     || total
---------------------------++-------
  Melee: Unarmed           ||    14
         Kick              ||     6
         Peck              ||     4
         Whip              ||     2
   Cast: Foxfire           ||    14
         Scorch            ||     7
   Stab: Sleeping          ||     1
 Armour: Robe              ||    16
  Dodge: Dodged            ||    27

Table legend: (Time is in decaauts)
 A = Elapsed time spent in this place.
 B = Non-inter-level travel time spent in this place.
 C = Inter-level travel time spent in this place.
 D = Time resting spent in this place.
 E = Time spent auto-exploring this place.
 F = Levels seen in this place.
 G = Mean time per level.
                   A        B        C        D        E       F      G
               +--------+--------+--------+--------+--------+-----+--------+
         Total |    452 |    452 |      0 |      0 |     20 |   4 |  113.0 |
       Dungeon |    452 |    452 |      0 |      0 |     20 |   4 |  113.0 |
               +--------+--------+--------+--------+--------+-----+--------+

Top non-repeatable levels by time:
     D:3: 172 daAuts
     D:4: 143 daAuts
     D:2: 94 daAuts
     D:1: 41 daAuts
